 Dungeon Crawl Stone Soup version 0.31.0 (webtiles) character file.

Game seed: 2480515702709234361

817 qw the Skirmisher (level 7, -1/44 HPs)
             Began as a Gargoyle Hunter on Jan 20, 2024.
             Slain by a hound (5 damage)
             ... on level 5 of the Dungeon.
             The game lasted 00:00:19 (4181 turns).

qw the Skirmisher (Gargoyle Hunter)                 Turns: 4181, Time: 00:00:19

Health: -1/44      AC: 11    Str: 14    XL:     7   Next: 94%
Magic:  7/7        EV: 11    Int: 14    God:
Gold:   182        SH:  0    Dex: 15    Spells: 6/6 levels left

rFire   . . .        a - +0 shortbow
rCold   + . .        (shield currently unavailable)
rNeg    + . .        d - +0 ring mail
rPois   inf          (no helmet)
rElec   +            (no cloak)
rCorr   .            c - +0 pair of gloves
SInv    +            (no boots)
Will    +....        j - amulet of the Worm {RegenMP rC+ Int+4}
Stlth   +            g - ring of willpower
HPRegen 0.27/turn    m - ring of see invisible
MPRegen 0.50/turn

%: no passive effects
@: about to teleport
A: sickness immunity, AC +4, negative energy resistance 1, electricity
resistance, torment resistance 1, petrification resistance
a: no special abilities


You were on level 5 of the Dungeon.
You visited 1 branch of the dungeon, and saw 5 of its levels.

You collected 182 gold pieces.


Innate Abilities, Weirdness & Mutations

You are immune to sickness and miasma.
Your stone body is resilient. (AC +4)
You are immune to poison.
You resist negative energy. (rN+)
You are resistant to electric shocks. (rElec)
You are resistant to unholy torment.
You are immune to petrification.


   Skills:
 - Level 5.1 Fighting
 - Level 8.2 Ranged Weapons
 - Level 2.0 Armour
 + Level 1.6 Dodging
 - Level 1.1 Stealth


You had 6 spell levels left.
You didn't know any spells.
Your spell library was empty.

Inventory:

Hand Weapons
 a - a +0 shortbow (weapon)
Armour
 b - a +0 pair of boots
 c - a +0 pair of gloves (worn)
 d - a +0 ring mail (worn)
Jewellery
 g - a ring of willpower (left hand)
 j - the amulet of the Worm (around neck) {RegenMP rC+ Int+4}
   (You found it on level 4 of the Dungeon)

   [amulet of magic regeneration]

   RegenMP:   It increases your rate of magic regeneration.
   Int+4:     It affects your intelligence (+4).
   rC+:       It protects you from cold.
 m - a ring of see invisible (right hand)
Wands
 f - a wand of flame (18)
Potions
 e - a potion of mutation
 h - 2 potions of curing
 i - 2 potions of haste

Dungeon Overview and Level Annotations

Branches:
Dungeon (5/15)             Temple (0/1) D:5

Altars:
Makhleb
Trog
Vehumet
Wu Jian


Message History

The gnoll hits you with a +0 flail. The gnoll hits you but does no damage.
The gnoll sergeant hits you but does no damage.
The gnoll hits you with a +0 flail.
You shoot an arrow. The arrow closely misses the gnoll.
The arrow hits the gnoll sergeant but does no damage.
The gnoll sergeant is moderately wounded.
The gnoll hits you from afar with a +0 spear.
The gnoll sergeant hits you from afar with a +0 spear!
The gnoll hits you with a +0 flail.
You shoot an arrow. The arrow closely misses the gnoll.
The arrow hits the gnoll sergeant.
The gnoll sergeant is heavily wounded.
You hear a shout!
The gnoll hits you but does no damage. The gnoll sergeant closely misses you.
The gnoll hits you with a +0 flail.
4178 ||| READING 2 scrolls of teleportation.
As you read the scroll of teleportation, it crumbles to dust.
You feel strangely unstable. The gnoll barely misses you.
The gnoll sergeant closely misses you. The gnoll closely misses you.
You shoot an arrow. The arrow hits the gnoll!
You kill the gnoll!
The gnoll hits you from afar with a +0 spear.
The gnoll sergeant hits you from afar with a +0 spear.
You shoot an arrow.
The arrow closely misses the gnoll sergeant.
The arrow hits the gnoll.
The gnoll is heavily wounded.
Your surroundings suddenly seem different.
A hound comes into view.
Found a stone staircase leading up.
The hound barks!
Enter note:
Enter note:
4181 ||| READING scroll of teleportation.
As you read the scroll of teleportation, it crumbles to dust.
You feel strangely unstable.
You hear the quick hiss of a distant avalanche of sand.
The hound bites you.
You die...

............#
#########
..#..##.#...#####
##.
......#.........#
#.. ....<#.........#
#..
...#.........#####..
...................
#.#.#############..
#.h.# ##. #@.# ##.
#..# #.. ...# #..
.#### #.. .. #.. ..
#.. ... ##. ### ## #


You could see a hound.

Vanquished Creatures
  Grinder (D:5)
  A black bear (D:4)
  An ogre (D:5)
  2 scorpions (D:5)
  A bombardier beetle (D:5)
  A hound (D:5)
  2 orc priests (D:3)
  Jessica (D:2)
  8 adders
  3 gnolls
  2 dart slugs
  A ribbon worm (D:2)
  6 orcs
  13 ball pythons
  7 endoplasms
  4 giant cockroaches
  4 goblins
  7 hobgoblins
  3 quokkas
  7 bats
  2 frilled lizards (D:1)
  7 kobolds
  6 rats
90 creatures vanquished.

Notes
Turn   | Place    | Note
-------+----------+-------------------------------------------
     0 | D:1      | qw the Gargoyle Hunter began the quest for the Orb.
     0 | D:1      | Reached XP level 1. HP: 12/12 MP: 1/1
     0 | D:1      | 0 ||| qw: Version: 0.3-a-132-g3d54051
     0 | D:1      | 0 ||| qw: Game counter: 425
     0 | D:1      | 0 ||| qw: Melee chars always use a shield: true
     0 | D:1      | 0 ||| qw: God list: Okawaru
     0 | D:1      | 0 ||| qw: Allow faded altars: false
     0 | D:1      | 0 ||| qw: Do Orc after clearing Dungeon:15 true
     0 | D:1      | 0 ||| qw: Do second Lair branch before Depths: true
     0 | D:1      | 0 ||| qw: Lair rune preference: random
     0 | D:1      | 0 ||| qw: Goals: Normal
     0 | D:1      | 0 ||| PLANNING D:1-11
   112 | D:1      | Reached XP level 2. HP: 16/17 MP: 2/2
   265 | D:1      | Reached XP level 3. HP: 20/21 MP: 3/3
   324 | D:1      | Reached skill level 5 in Ranged Weapons
  1081 | D:1      | 1081 ||| UPGRADING to +0 ring mail.
  1091 | D:1      | 1091 ||| DROPPING +0 leather armour.
  1092 | D:1      | 1092 ||| READING scroll labelled WOSOHU GOTS.
  1093 | D:1      | 1093 ||| READING 2 scrolls labelled QINIOT QURE.
  1093 | D:1      | 1093 ||| IDENTIFYING sedimented cyan potion
  1094 | D:1      | 1094 ||| READING scroll of identify.
  1094 | D:1      | 1094 ||| IDENTIFYING orange potion
  1095 | D:1      | 1095 ||| READING scroll labelled EGEOCEW SAEKORIOV.
  1096 | D:1      | 1096 ||| DROPPING scroll of butterflies.
  1217 | D:2      | Noticed Jessica
  1221 | D:2      | Killed Jessica
  1222 | D:2      | Reached skill level 1 in Armour
  1222 | D:2      | Reached XP level 4. HP: 27/27 MP: 4/4
  1408 | D:2      | Reached skill level 3 in Fighting
  1871 | D:2      | 1871 ||| UPGRADING to +0 pair of gloves.
  1876 | D:2      | 1876 ||| READING scroll of identify.
  1876 | D:2      | 1876 ||| IDENTIFYING sedimented brown potion
  1877 | D:2      | 1877 ||| READING scroll labelled ADUETU YSMOU.
  1878 | D:2      | 1878 ||| FLEEEEING.
  1988 | D:2      | 1988 ||| DROPPING potion of degeneration.
  2013 | D:3      | Identified the +5 spear of the Grave {protect, rF++ rC-}
  2015 | D:3      | 2015 ||| DROPPING +0 sling of flaming.
  2028 | D:3      | Reached XP level 5. HP: 32/32 MP: 5/5
  2120 | D:3      | 2120 ||| FLEEEEING.
  2124 | D:3      | 2124 ||| FLEEEEING.
  2125 | D:3      | 2125 ||| FLEEEEING.
  2129 | D:3      | 2129 ||| FLEEEEING.
  2130 | D:3      | 2130 ||| FLEEEEING.
  2131 | D:3      | 2131 ||| FLEEEEING.
  2132 | D:3      | 2132 ||| FLEEEEING.
  2133 | D:3      | 2133 ||| FLEEEEING.
  2134 | D:3      | 2134 ||| FLEEEEING.
  2135 | D:3      | 2135 ||| FLEEEEING.
  2136 | D:3      | 2136 ||| FLEEEEING.
  2137 | D:3      | 2137 ||| FLEEEEING.
  2138 | D:3      | 2138 ||| FLEEEEING.
  2139 | D:3      | 2139 ||| STAIRDANCE
  2143 | D:2      | 2143 ||| STAIRDANCE
  2156 | D:1      | 2156 ||| READING scroll labelled JOLAEL JECOSU.
  2161 | D:1      | 2161 ||| READING scroll labelled KUXZIO OSKAU.
  2162 | D:1      | 2162 ||| DRINKING 2 inky potions.
  2536 | D:3      | Reached skill level 6 in Ranged Weapons
  2604 | D:3      | Reached XP level 6. HP: 38/38 MP: 6/6
  2692 | D:3      | 2692 ||| UPGRADING to ring of willpower.
  2693 | D:3      | 2693 ||| READING 2 scrolls of identify.
  2693 | D:3      | 2693 ||| IDENTIFYING 2 viscous red potions
  2694 | D:3      | 2694 ||| DROPPING 2 potions of invisibility.
  2763 | D:4      | Found an ornate altar of the Wu Jian Council.
  2773 | D:4      | Identified the amulet of the Worm {RegenMP rC+ Int+4}
  2780 | D:4      | Noticed a black bear
  2794 | D:4      | Killed a black bear
  3211 | D:4      | Found a bloodstained altar of Trog.
  3534 | D:4      | Found a burning altar of Makhleb.
  3574 | D:4      | Identified the +6 rapier "Jepeir" {freeze, rC+ Str+3 Dex+3}
  3711 | D:4      | 3711 ||| UPGRADING to amulet of the Worm {RegenMP rC+
                  | Int+4}.
  3716 | D:4      | 3716 ||| UPGRADING to ring of see invisible.
  3717 | D:4      | 3717 ||| READING 2 scrolls of identify.
  3717 | D:4      | 3717 ||| IDENTIFYING sedimented blue potion
  3718 | D:4      | 3718 ||| READING scroll of identify.
  3718 | D:4      | 3718 ||| IDENTIFYING scroll labelled IHEWNU OD RIE
  3719 | D:4      | 3719 ||| DROPPING scroll of blinking.
  3720 | D:4      | 3720 ||| DROPPING potion of brilliance.
  3753 | D:5      | Entered Level 5 of the Dungeon
  3754 | D:5      | 3754 ||| PLANNING OSSUARY
  3771 | D:5      | 3771 ||| FLEEEEING.
  3776 | D:5      | 3776 ||| STAIRDANCE
  3849 | D:5      | Reached XP level 7. HP: 44/44 MP: 7/7
  3863 | D:5      | Found a staircase to the Ecumenical Temple.
  3903 | D:5      | Found a radiant altar of Vehumet.
  3919 | D:5      | Reached skill level 7 in Ranged Weapons
  3924 | D:5      | 3924 ||| FLEEEEING.
  3990 | D:5      | Noticed Grinder
  3994 | D:5      | Paralysed by Grinder for 2 turns
  4021 | D:5      | Killed Grinder
  4098 | D:5      | Reached skill level 8 in Ranged Weapons
  4098 | D:5      | 4098 ||| FLEEEEING.
  4165 | D:5      | 4165 ||| RETREEEEATING.
  4166 | D:5      | 4166 ||| RETREEEEATING.
  4167 | D:5      | 4167 ||| RETREEEEATING.
  4177 | D:5      | HP: 10/44 [gnoll/+0 flail[a gnoll sergeant] (6)]
  4178 | D:5      | 4178 ||| READING 2 scrolls of teleportation.
  4179 | D:5      | HP: 4/44 [gnoll sergeant/+0 spear (6)]
  4181 | D:5      | 4181 ||| READING scroll of teleportation.
  4181 | D:5      | Slain by a hound

Levels and vault maps discovered:
D:1:      spicycebolla_green_bress_n_ham, layout_basic, serial_forest,
          infiniplex_forest_fountain, infiniplex_forest_end_1,
          infiniplex_forest_end_double, infiniplex_forest_clump_C,
          infiniplex_forest_end_1, infiniplex_forest_lined_3,
          infiniplex_forest_fountain, infiniplex_forest_straight_4
D:2:      layout_loops_cross, chequers_serial_rivers_room_b,
          minmay_increasing_density, uniq_jessica
D:3:      layout_basic, minmay_snake_closets
D:4:      layout_loops_corners, lightli_temple_of_fire, trog_book,
          mainiacjoe_overflow_surrounded_room
D:5:      layout_rooms, vehumet_altar_wand_db, minmay_temple_entry_large_hall,
          enter_ossuary_2, minmay_strange_pillars, uniq_grinder

Skill      XL: |  1  2  3  4  5  6  7 |
---------------+----------------------+-----
Ranged Weapons | 5 6 8 |  8.2
Armour         | 1 2 |  2.0
Fighting       | 3 4 5 |  5.1
Dodging        | |  1.6
Stealth        | |  1.1

Action                     |  1- 3 |  4- 6 |  7- 9 || total
---------------------------+-------+-------+-------++-------
   Fire: Shortbow          |    84 |   220 |   100 ||   404
    Use: Scroll            |     4 |     7 |     2 ||    13
         Potion            |       |     1 |       ||     1
 Armour: Leather armour    |    24 |       |       ||    24
         Ring mail         |       |    92 |    56 ||   148
  Dodge: Dodged            |    22 |    92 |    54 ||   168

Table legend:
 A = Non-vault XP
 B = Vault XP
 C = Vault XP percentage of total XP
 D = Non-vault monster count
 E = Vault monster count
 F = Vault count percentage of total count
                 A         B        C        D         E       F
            +---------+---------+-------+---------+---------+-------
      Total |     769 |     399 |  34.2 |      68 |      22 |  24.4
            +---------+---------+-------+---------+---------+-------
        D:1 |      57 |       0 |   0.0 |      28 |       0 |   0.0
        D:2 |      42 |      49 |  53.8 |       9 |       7 |  43.8
        D:3 |     100 |      81 |  44.8 |       8 |      13 |  61.9
        D:4 |     150 |       0 |   0.0 |      14 |       0 |   0.0
        D:5 |     420 |     269 |  39.0 |       9 |       2 |  18.2
            +---------+---------+-------+---------+---------+-------
